 Dungeon Crawl Stone Soup version 0.28-a0-1404-g4df0f3684d (webtiles) character file.

Game seed: 3347505035730678026

64 flotson the Ducker (level 3, 0/28 HPs)
             Began as a Demonspawn Gladiator on Jan 5, 2022.
             Killed from afar by Sigmund (4 damage)
             ... with a magic dart
             ... on level 2 of the Dungeon.
             The game lasted 00:02:06 (1393 turns).

flotson the Ducker (Demonspawn Gladiator)           Turns: 1393, Time: 00:02:06

Health: 0/28       AC:  7    Str: 16    XL:     3   Next: 91%
Magic:  3/3        EV: 11    Int:  9    God:
Gold:   100        SH:  0    Dex: 14    Spells: 2/2 levels left

rFire   . . .      SeeInvis .   a - +0 war axe
rCold   . . .      Faith    .   (no shield)
rNeg    . . .      Spirit   .   e - +0 ring mail
rPois   .          Reflect  .   c - +0 helmet
rElec   .          Harm     .   (no cloak)
rCorr   .          Rampage  .   (no gloves)
Will    .....                   f - +0 pair of boots
Stlth   ..........              (no amulet)
HPRegen 0.09/turn               (no ring)
MPRegen 0.08/turn               (no ring)

@: confused
A: hooves 1, condensation shield
a: no special abilities


You were on level 2 of the Dungeon.
You visited 1 branch of the dungeon, and saw 2 of its levels.

You collected 100 gold pieces.

Inventory:

Hand Weapons
 a - a +0 war axe (weapon)
Missiles
 d - 3 throwing nets
 m - 11 poisoned darts (quivered)
Armour
 c - a +0 helmet (worn)
 e - a +0 ring mail (worn)
 f - a +0 pair of boots (worn)
Wands
 k - a wand of flame (6)
Scrolls
 g - 2 scrolls of identify {unknown}
 h - a scroll of fog {unknown}
 l - a scroll of magic mapping {unknown}
Potions
 b - 2 potions of curing {unknown}
 i - 2 potions of cancellation {unknown}
 j - a potion of resistance {unknown}


   Skills:
 + Level 2.5 Fighting
 + Level 3.1 Axes
 + Level 2.3 Throwing
 + Level 1.1 Armour
 + Level 3.1 Dodging
 + Level 0.3 Evocations


You had 2 spell levels left.
You didn't know any spells.
Your spell library was empty.

Dungeon Overview and Level Annotations

Branches:
Dungeon (2/15)

Altars:
Wu Jian

Annotations:
D:2 Sigmund


Innate Abilities, Weirdness & Mutations

You have large cloven feet.
A meltable shield of frost defends you. (SH +0)


Message History

Press: ? - help, Q - select action, (/) - cycle Shift-Dir - straight line, f/p - Sigmund
Aim: Sigmund, wielding a +3 scythe of venom, wearing a +0 robe and carrying a wand of flame (15) (57% to hit)
You throw a poisoned dart. The poisoned dart hits Sigmund.
Sigmund is poisoned.
Throw: 12 darts (poison)
Press: ? - help, Q - select action, (/) - cycle Shift-Dir - straight line, f/p - Sigmund
Aim: Sigmund, wielding a +3 scythe of venom, wearing a +0 robe and carrying a wand of flame (15) (lightly wounded, poisoned, 57% to hit)
You throw a poisoned dart. The poisoned dart hits Sigmund.
Sigmund looks even sicker.
Sigmund is lightly wounded.
Sigmund casts a spell.
Sigmund flickers and vanishes!
Deactivating autopickup; reactivate with Ctrl-A.
You hear a zap.
A puff of flame appears from out of thin air!
The puff of flame hits you.
Your condensation shield dissipates!
A puff of flame appears from out of thin air!
The puff of flame hits you.
You are confused.
You hear a zap.
A puff of flame appears from out of thin air!
The puff of flame misses you.
You bump into the rock wall.
A puff of flame appears from out of thin air!
The puff of flame hits you!
You hear a zap.
A puff of flame appears from out of thin air!
The puff of flame hits you.
You bump into the rock wall.
You are more confused.
You hear a zap.
A puff of flame appears from out of thin air!
The puff of flame misses you.
You bump into the rock wall.
A magic dart appears from out of thin air!
The magic dart hits you!
* * * LOW HITPOINT WARNING * * *
A magic dart appears from out of thin air!
The magic dart hits you.
You die...

#.........#.........#
#...................#
#########...._...#### #
#.......## ..## #.......#
. ... #.....### .##...#
#.....<#### ###+..##..
#.........######.......##
#....#..@......{....##...
#....##...######.........
##.####.#.## #......##.
#.........########......
#...######.............#
##......†##.######..(...
####.##)###(#####......
##.###.##((...)....:
##.##......#.......


There were no monsters in sight!

Vanquished Creatures
  2 adders
  A worm (D:2)
  A dart slug (D:2)
  7 endoplasms
  5 goblins
  3 hobgoblins (D:1)
  3 jackals (D:1)
  4 kobolds
  A quokka (D:1)
  A ball python (D:1)
  6 bats
  A frilled lizard (D:2)
  3 rats (D:1)
38 creatures vanquished.

Notes
Turn   | Place    | Note
-------+----------+-------------------------------------------
     0 | D:1      | flotson the Demonspawn Gladiator began the quest for the
                  | Orb.
     0 | D:1      | Reached XP level 1. HP: 16/16 MP: 1/1
   193 | D:1      | Gained mutation: A meltable shield of frost defends you.
                  | (SH +0) [demonic ancestry]
   193 | D:1      | Reached XP level 2. HP: 22/22 MP: 2/2
   380 | D:1      | Gained mutation: You have large cloven feet. [demonic
                  | ancestry]
   380 | D:1      | Reached XP level 3. HP: 28/28 MP: 3/3
   622 | D:2      | Found an ornate altar of the Wu Jian Council.
   828 | D:2      | Noticed Sigmund
   876 | D:1      | Reached skill level 1 in Armour
  1393 | D:2      | Killed from afar by Sigmund

Illustrated notes

Levels and vault maps discovered:
D:1:      minmay_arrival_four_houses, layout_rooms, minmay_tall_x
D:2:      layout_basic, dreamdust_ecumenical_altar_statues, basic_altar,
          hangedman_decor_peaks_small, minmay_cut_off, uniq_sigmund

Skill      XL: |  1  2  3 |
---------------+----------+-----
Throwing       | 2 |  2.3
Axes           | 3 |  3.1
Dodging        | 3 |  3.1
Armour         | 1 |  1.1
Fighting       | |  2.5
Evocations     | |  0.3

Action                   || total
-------------------------++-------
Melee: War axe           ||   101
Throw: Dart              ||     3
Armor: Ring mail         ||    50
Dodge: Dodged            ||    67
Block: Other             ||    27

Table legend: (Time is in decaauts)
 A = Elapsed time spent in this place.
 B = Non-inter-level travel time spent in this place.
 C = Inter-level travel time spent in this place.
 D = Time resting spent in this place.
 E = Time spent auto-exploring this place.
 F = Levels seen in this place.
 G = Mean time per level.
                   A        B        C        D        E       F      G
               +--------+--------+--------+--------+--------+-----+--------+
         Total |   1428 |   1368 |     60 |    112 |    923 |   2 |  714.0 |
       Dungeon |   1428 |   1368 |     60 |    112 |    923 |   2 |  714.0 |
               +--------+--------+--------+--------+--------+-----+--------+

Top non-repeatable levels by time:
     D:2: 740 daAuts
     D:1: 688 daAuts
